AoeStats
← WHITE

Arabia

509096340Analyzed
3v3 RM · 8d ago on Sep 25, 2026· 56m 33s· 6 players
Game mode
Random Map
Map size
Normal (6 player)
Population
200
Speed
Normal
Resources
Standard
Victory
Conquest
Starting age
Dark Age
Ending age
Imperial Age
RankedLock teamsTeams togetherTeam positionsShared explorationLock speedFull tech treeHidden civsTurbo modeCheats
Victory
Defeat
🇨🇳 Burmese · China
990
+12
🇨🇳 Dravidians · China
915
+15
🇨🇳 Magyars · China
787
+19
🇮🇳 Khmer · India
976
-19
🇮🇳 Goths · India
854
-14
🇮🇳 Mongols · India
816
-17
Vansh2218
10:27 Feudal Age
10:58 Loom
11:13 Double-Bit Axe
13:53 Horse Collar
18:00 Castle Age
19:03 Bow Saw
21:32 Heavy Plow
22:23 Stone Mining
23:06 Elite Skirmisher
32:22 Padded Archer Armor
32:13 Fletching
41:49 Bodkin Arrow
45:40 Ballistics
48:03 Leather Archer Armor
53:06 Bloodlines
52:18 Light Cavalry
WHITE
10:59 Loom
12:44 Feudal Age
17:10 Castle Age
17:01 Double-Bit Axe
33:55 Man-at-Arms
34:30 Long Swordsman
35:21 Horse Collar
37:38 Pikeman
38:34 Scale Mail Armor
38:46 Forging
40:12 Bow Saw
48:01 Gold Mining
50:44 Iron Casting
50:55 Chain Mail Armor
Da_hacker
10:24 Feudal Age
14:53 Castle Age
12:58 Double-Bit Axe
14:47 Bloodlines
14:46 Horse Collar
15:49 Gold Mining
18:02 Bow Saw
18:26 Husbandry
20:02 Scale Mail Armor
20:08 Scale Barding Armor
25:58 Heavy Plow
25:51 Stone Mining
34:28 Pikeman
35:28 Chain Mail Armor
35:35 Chain Barding Armor
37:50 Forging
39:10 Wheelbarrow
38:23 Town Watch
38:29 Loom
42:28 Imperial Age
40:54 Iron Casting
42:56 Gold Shaft Mining
42:58 Stone Shaft Mining
44:50 Blast Furnace
44:07 Halberdier
45:02 Fletching
47:34 Bodkin Arrow
49:12 Hand Cart
48:58 Town Patrol
49:39 Conscription
50:35 Onager
TKDanis
7:24 Loom
10:14 Feudal Age
11:25 Double-Bit Axe
11:22 Horse Collar
15:11 Fletching
20:33 Castle Age
19:07 Padded Archer Armor
21:28 Thumb Ring
22:58 Bodkin Arrow
25:10 Gold Mining
29:30 Husbandry
31:29 Ballistics
36:52 Leather Archer Armor
40:30 Imperial Age
40:07 Wheelbarrow
39:23 Stone Mining
42:35 Hand Cart
42:24 Elite Elephant Archer
43:17 Siege Elephant
45:02 Bracer
46:53 Elite Urumi Swordsman
48:39 Elite Urumi Swordsman
49:33 Forging
49:23 Scale Mail Armor
51:52 Iron Casting
51:32 Chain Mail Armor
53:55 Chemistry
56:14 Ring Archer Armor
56:41 Plate Mail Armor
57:11 Blast Furnace
A泛
8:37 Loom
12:01 Feudal Age
13:23 Horse Collar
14:19 Scale Barding Armor
23:21 Bloodlines
34:39 Scale Mail Armor
40:45 Double-Bit Axe
45:44 Stone Mining
51:26 Castle Age
53:05 Padded Archer Armor
53:01 Fletching
53:16 Gold Mining
53:43 Bow Saw
55:43 Thumb Ring
酥凉
11:56 Feudal Age
12:08 Loom
12:17 Loom
17:16 Castle Age
19:33 Forging
19:44 Fletching
24:53 Iron Casting
26:10 Ballistics
27:38 Bodkin Arrow
29:43 Horse Collar
30:46 Man-at-Arms
31:29 Squires
38:45 Imperial Age
37:27 Long Swordsman
39:39 Two-Handed Swordsman
41:28 Scale Mail Armor
41:44 Champion
44:48 Blast Furnace
44:04 Chain Mail Armor
44:01 Gambesons
47:40 Onager
52:37 Plate Mail Armor
53:08 Conscription
53:52 Arson
Connection lost

Rejoining the realm…

Still unreachable

The connection could not be restored.

Session expired

The server has moved on; the page needs a fresh start.